 Dungeon Crawl Stone Soup version 0.21.1-1-g345015f (webtiles) character file.

12436 troglodite the Carver (level 11, -8/90 HPs)
             Began as a Demonspawn Berserker on June 27, 2018.
             Was a High Priest of Trog.
             Mangled by a two-headed ogre
             ... wielding a +0 giant club
              (22 damage)
             ... on level 11 of the Dungeon.
             The game lasted 00:36:45 (10154 turns).

troglodite the Carver (Demonspawn Berserker)       Turns: 10154, Time: 00:36:46

Health: -8/90      AC: 16    Str: 18    XL:     11   Next: 62%
Magic:  11/11      EV: 12    Int:  8    God:    Trog [*****.]
Gold:   417        SH:  0    Dex: 16    Spells: 10/10 levels left

rFire    . . .     SeeInvis .   L - +8 double sword (freeze)
rCold    + . .     Gourm    .   (no shield)
rNeg     + . .     Faith    .   r - +1 plate armour {rC+}
rPois    .         Spirit   .   (helmet restricted)
rElec    .         Reflect  .   (no cloak)
rCorr    .         Harm     .   (gloves unavailable)
MR       .....                  K - +0 pair of boots
Stlth    ..........             k - amulet of regeneration
HPRegen  0.65/turn              D - +3 ring of evasion
MPRegen  0.12/turn              d - ring of positive energy

@: about to teleport, berserk cooldown, very slightly contaminated, slowed, very
slow
A: antennae 2, claws 3, hooves 1, powered by death 2
a: Berserk, Trog's Hand, Brothers in Arms, Burn Spellbooks, Renounce Religion


You were on level 11 of the Dungeon.
You worshipped Trog.
Trog was extremely pleased with you.
You were near starving.

You visited 1 branch of the dungeon, and saw 11 of its levels.
You also visited: Sewer.

You collected 659 gold pieces.
You spent 242 gold pieces at shops.

Inventory:

Hand Weapons
 b - the +8 hand crossbow of Distraction {freeze, *Corrode rN+ Str+2 Stlth+}
   (You found it on level 10 of the Dungeon)

   It causes projectiles fired from it to freeze those they strike, causing
   extra injury to most foes and up to half again as much damage against
   particularly susceptible opponents.
   They can also slow down cold-blooded creatures.
   It affects your strength (+2).
   It protects you from negative energy.
   It may corrode you when you take damage.
   It makes you more stealthy.
 B - a +4 scimitar
 I - a +5 great sword of freezing
 L - a +8 double sword of freezing (weapon)
Armour
 q - a +2 scale mail of fire resistance
 r - a +1 plate armour of cold resistance (worn)
 K - a +0 pair of boots (worn)
Jewellery
 d - a ring of positive energy (right claw)
 e - a cursed amulet of inaccuracy {unknown}
 k - an amulet of regeneration (around neck)
 y - an uncursed amulet of faith {unknown}
 D - a +3 ring of evasion (left claw)
Wands
 h - a wand of flame (33)
 x - a wand of random effects (38)
 z - a wand of iceblast (13)
 J - a wand of disintegration (25)
Scrolls
 i - 4 scrolls of enchant armour
 o - 5 scrolls of teleportation
 s - 2 scrolls of remove curse
Potions
 f - 3 potions of mutation
 g - 3 potions of agility
 j - a potion of resistance
 m - 5 potions of curing
 n - 4 potions of magic
 p - 6 potions of brilliance
 t - 2 potions of might
 u - 2 potions of heal wounds
 w - a potion of haste
 H - a potion of lignification {unknown}
Comestibles
 c - 15 rations


   Skills:
 * Level 9.8 Fighting
 + Level 10.1 Long Blades
 * Level 1.2 Crossbows
 * Level 9.4 Armour
 * Level 6.8 Dodging
 + Level 0.7 Stealth


You had 10 spell levels left.
You didn't know any spells.

Dungeon Overview and Level Annotations

Branches:
Dungeon (11/15)            Temple (0/1) D:7            Lair (0/6) D:10
    Orc: D:9-12

Altars:
Cheibriados
Dithmenos
Kikubaaqudgha
Nemelex Xobeh
Okawaru
Sif Muna

Shops:
D:4 ?   D:5 (

Annotations:
D:5 2 transporters


Innate Abilities, Weirdness & Mutations

You have a pair of antennae on your head.
You have claws for hands.
You have large cloven feet.
You regenerate health from kills.


Message History

Press: ? - help, Dir - move target cursor You are very lightly contaminated with residual magic.
As you read the scroll of blinking, it crumbles to dust.
Found a scroll of identify.
You feel much better.
Something hits you but does no damage. x2
The two-headed ogre barely misses you.
The two-headed ogre hits you but does no damage.
As you read the scroll of teleportation, it crumbles to dust.
You feel strangely unstable. Something hits you.
The two-headed ogre hits you with a giant club!
* * * LOW HITPOINT WARNING * * *
The two-headed ogre hits you with a great mace!
* * * LOW HITPOINT WARNING * * *
You are near starving!
Something hits you but does no damage.
An orc comes into view. It is wielding a hand axe.
The orc shouts!
Something hits you but does no damage. x3
The two-headed ogre hits you with a giant club!!
You die...

#.# ..# #.#...
#.#..# #.#.. #.#.#
#...# #...#
#.##@{## #....O{#
#...#.#T####
#.###.#.......#
####.##<.....#####
......†[.##.o..
##?.###.## ....? #
#.)# ...### #.##
#.##


You could see a two-headed ogre, a troll and an orc.

Vanquished Creatures
  A centaur warrior (D:10)
  3 two-headed ogres
  The ghost of tidbits the Reanimator, a novice GnNe of Cheibriados (D:11)
  Pikel (D:5)
  An ugly thing (D:7)
  A centaur zombie (D:10)
  An elephant (D:10)
  Joseph (D:7)
  The ghost of twistedcrescendo the Cudgeler, an amateur MiBe of Trog (D:4)
  A troll (D:10)
  A polar bear (D:8)
  2 hippogriffs
  A wraith (D:10)
  A wyvern (D:9)
  8 yaks
  A basilisk (D:10)
  A hungry ghost (D:10)
  An orc warrior (D:6)
  2 ice beasts (D:8)
  2 slaves (D:5)
  2 phantoms
  2 necrophages
  An eye of draining (D:9)
  A wolf (D:8)
  5 ogres
  5 centaurs
  A crocodile (D:10)
  4 bullfrogs
  4 scorpions
  5 killer bees (D:7)
  12 wights
  6 howler monkeys
  3 electric eels (D:8)
  2 crimson imps
  2 bullfrog zombies
  7 hounds
  3 jellies
  4 orc priests
  2 bullfrog skeletons (D:9)
  A gnoll shaman (D:8)
  A centaur skeleton (D:10)
  An iguana (D:5)
  Ijyb (D:4)
  5 orc wizards
  2 worker ants
  A bullfrog simulacrum (D:8)
  2 hound zombies
  A worker ant zombie (D:9)
  10 gnolls
  2 river rats (Sewer)
  23 adders
  3 shadow imps
  2 white imps (D:8)
  2 ufetubi (D:8)
  An ooze (D:3)
  An adder skeleton (D:5)
  An adder zombie (D:6)
  3 worms
  2 dart slugs
  8 leopard geckos
  29 orcs
  7 giant cockroaches
  5 hobgoblins
  3 jackals
  3 kobolds
  6 quokkas
  5 ball pythons
  10 bats
  13 frilled lizards
  16 goblins
  3 leopard gecko skeletons
  A quokka zombie (D:7)
  8 rats
285 creatures vanquished.

Vanquished Creatures (others)
  A worm (D:5)
  A fungus (D:10)
2 creatures vanquished.

Grand Total: 287 creatures vanquished

Notes
Turn   | Place    | Note
-------+----------+-------------------------------------------
     0 | D:1      | troglodite the Demonspawn Berserker began the quest for the Orb.
     0 | D:1      | Reached XP level 1. HP: 18/18 MP: 1/1
   331 | D:1      | Gained mutation: You have sharp fingernails. [demonic ancestry]
   331 | D:1      | Reached XP level 2. HP: 18/24 MP: 2/2
   950 | D:1      | Reached skill level 3 in Long Blades
   979 | D:2      | Reached XP level 3. HP: 16/29 MP: 3/3
  1157 | D:2      | Gained mutation: You have large cloven feet. [demonic ancestry]
  1157 | D:2      | Reached XP level 4. HP: 24/35 MP: 4/4
  1303 | D:2      | Reached ** piety under Trog
  1528 | D:2      | Gained mutation: You have very sharp fingernails. [demonic ancestry]
  1528 | D:2      | Reached XP level 5. HP: 41/41 MP: 5/5
  1532 | D:2      | Reached skill level 4 in Long Blades
  1865 | D:3      | Found an iron altar of Okawaru.
  2109 | D:3      | Gained mutation: You regenerate a little health from kills. [demonic ancestry]
  2109 | D:3      | Reached XP level 6. HP: 48/48 MP: 6/6
  2127 | D:3      | Reached *** piety under Trog
  2313 | D:3      | Found a glowing drain.
  2320 | Sewer    | Entered a sewer
  2936 | D:4      | Gained mutation: You regenerate health from kills. [demonic ancestry]
  2936 | D:4      | Reached XP level 7. HP: 44/55 MP: 7/7
  3163 | D:4      | Noticed twistedcrescendo's ghost (amateur MiBe)
  3181 | D:4      | Killed twistedcrescendo's ghost
  3181 | D:4      | Reached skill level 5 in Fighting
  3608 | D:4      | Found Nuesiet's Magic Scroll Shoppe.
  3640 | D:4      | Bought a scroll of identify for 28 gold pieces
  3786 | D:4      | Reached skill level 5 in Long Blades
  4009 | D:4      | Found a deep blue altar of Sif Muna.
  4054 | D:4      | Noticed Ijyb
  4068 | D:4      | Killed Ijyb
  4122 | D:5      | Entered Level 5 of the Dungeon
  4123 | D:5      | Found a transporter.
  4138 | D:5      | Found a transporter.
  4558 | D:5      | Found a snail-covered altar of Cheibriados.
  4566 | D:5      | Found Qeg Vyf's Antique Weapon Emporium.
  4572 | D:5      | Bought a runed long sword for 214 gold pieces
  4649 | D:5      | Noticed Pikel
  4673 | D:5      | Killed Pikel
  4673 | D:5      | Reached skill level 5 in Armour
  4673 | D:5      | Gained mutation: You have a pair of small antennae on your head. [demonic ancestry]
  4673 | D:5      | Reached XP level 8. HP: 64/64 MP: 8/8
  4684 | D:5      | Reached **** piety under Trog
  5223 | D:6      | Reached skill level 6 in Long Blades
  5316 | D:5      | Found a sparkling altar of Nemelex Xobeh.
  5420 | D:6      | Reached XP level 9. HP: 69/69 MP: 9/9
  6609 | D:7      | Found a staircase to the Ecumenical Temple.
  6681 | D:8      | Noticed Joseph
  6827 | D:8      | Noticed a purple ugly thing
  6833 | D:8      | Noticed a two-headed ogre
  6945 | D:7      | Killed a purple ugly thing
  6945 | D:7      | Reached skill level 7 in Long Blades
  6945 | D:7      | Reached skill level 5 in Dodging
  6989 | D:7      | Killed a two-headed ogre
  6989 | D:7      | Gained mutation: You have a pair of antennae on your head. [demonic ancestry]
  6989 | D:7      | Reached XP level 10. HP: 63/80 MP: 4/10
  6997 | D:7      | Killed Joseph
  7375 | D:8      | Reached ***** piety under Trog
  7699 | D:8      | Found a shadowy altar of Dithmenos.
  7776 | D:8      | Reached skill level 8 in Long Blades
  8304 | D:9      | Received a gift from Trog
  8403 | D:9      | Found an ancient bone altar of Kikubaaqudgha.
  9027 | D:10     | Entered Level 10 of the Dungeon
  9036 | D:10     | Reached skill level 9 in Long Blades
  9073 | D:10     | Gained mutation: You have claws for hands. [demonic ancestry]
  9073 | D:10     | Reached XP level 11. HP: 89/89 MP: 11/11
  9272 | D:10     | Noticed a centaur warrior
  9282 | D:10     | Killed a centaur warrior
  9303 | D:10     | Noticed a two-headed ogre
  9319 | D:10     | Killed a two-headed ogre
  9410 | D:10     | Noticed a two-headed ogre
  9419 | D:10     | Killed a two-headed ogre
  9608 | D:10     | Got an ancient hand crossbow
  9609 | D:10     | Identified the +8 hand crossbow of Distraction {freeze, *Corrode rN+ Str+2 Stlth+} (You found it on level 10 of the Dungeon)
  9648 | D:10     | Found a staircase to the Lair.
  9901 | D:11     | Noticed a six-headed hydra
 10129 | D:11     | Noticed tidbits's ghost (novice GnNe)
 10133 | D:11     | Reached skill level 10 in Long Blades
 10135 | D:11     | Killed tidbits's ghost
 10135 | D:11     | Reached skill level 1 in Crossbows
 10136 | D:11     | Noticed a two-headed ogre
 10154 | D:11     | Mangled by a two-headed ogre

Skill      XL: |  1  2  3  4  5  6  7  8  9 10 11 |
---------------+----------------------------------+-----
Armour         | 2 3 5 6 7 8 9 |  9.4
Long Blades    | 3 4 5 6 7 9 10 | 10.1
Dodging        | 2 3 4 5 6 |  6.8
Fighting       | 4 5 6 7 9 |  9.8
Crossbows      | 1 |  1.2
Stealth        | |  0.7

Action                   |  1- 3 |  4- 6 |  7- 9 | 10-12 || total
-------------------------+-------+-------+-------+-------++-------
Melee: Falchion          |    60 |   204 |    95 |       ||   359
       Kick              |       |    76 |   100 |    41 ||   217
       Long sword        |       |       |   203 |    55 ||   258
       Double sword      |       |       |       |   152 ||   152
       Great sword       |       |       |       |    53 ||    53
Invok: Berserk           |     2 |     6 |     9 |     4 ||    21
       Burn Spellbooks   |       |       |       |     2 ||     2
  Use: Scroll            |       |     3 |     8 |    17 ||    28
       Potion            |       |       |       |     1 ||     1
  Eat: Chunk             |     2 |    12 |    18 |    15 ||    47
       Ration            |       |       |     1 |       ||     1
Armor: Ring mail         |    33 |    90 |       |       ||   123
       Animal skin       |     1 |       |       |       ||     1
       Plate armour      |       |    18 |   224 |   206 ||   448
Dodge: Dodged            |    42 |   175 |   145 |   208 ||   570
       Rpst.: Falchion   |    15 |    56 |     6 |       ||    77
       Long sword        |       |       |    29 |     6 ||    35
       Double sword      |       |       |       |    29 ||    29
       Great sword       |       |       |       |     8 ||     8
